 Dungeon Crawl Stone Soup version 0.30-a0-596-g0af90f9a20 (webtiles) character file.

Game seed: 5408845242166882594

4 CraigOfTheCreek the Grave Robber (level 1, 0/13 HPs)
             Began as a Vampire Necromancer on Jan 6, 2023.
             Slain by a goblin
             ... wielding a +0 club
             ... led by Robin
              (5 damage)
             ... on level 2 of the Dungeon.
             The game lasted 00:01:10 (197 turns).

CraigOfTheCreek the Grave Robber (VpNe)              Turns: 197, Time: 00:01:11

Health: 0/13       AC:  2    Str:  7    XL:     1   Next: 50%
Magic:  3/3        EV: 12    Int: 17    God:
Gold:   11         SH:  0    Dex: 14    Spells: 3/4 levels left

rFire   + . .      SeeInvis +    (no weapon)
rCold   + . .      Faith    .    (no shield)
rNeg    . . .      Spirit   .    a - +0 robe
rPois   +          Reflect  .    (no helmet)
rElec   +          Harm     .    (no cloak)
rCorr   +          Rampage  .    (no gloves)
Will    .....                    (no boots)
Stlth   ++                       (no amulet)
HPRegen 0.42/turn                (no ring)
MPRegen 0.08/turn                (no ring)

@: resistant, healing quickly
A: alive, fangs 3, see invisible, vampiric 1
a: Exsanguinate


You were on level 2 of the Dungeon.
You visited 1 branch of the dungeon, and saw 2 of its levels.

You collected 11 gold pieces.

Inventory:

Armour
 a - a +0 robe (worn)
Potions
 b - a potion of magic


   Skills:
 + Level 2.5 Dodging
 + Level 3.0 Stealth
 + Level 2.0 Spellcasting
 + Level 4.4 Necromancy


You had 3 spell levels left.
You knew the following spells:

 Your Spells              Type           Power      Damage    Failure   Level
a - Necrotise             Necr           64%        1d7       3%          1

Your spell library contained the following spells:

 Spells                   Type           Power      Damage    Failure   Level
 Vampiric Draining        Necr           16%        2d7       10%         3
 Animate Dead             Necr           16%        N/A       30%         4
 Agony                    Necr           16%        N/A       65%         5


Dungeon Overview and Level Annotations

Branches:
Dungeon (2/15)

Altars:

Annotations:
D:2 Robin


Innate Abilities, Weirdness & Mutations

Your natural rate of healing is accelerated.
You have razor-sharp teeth.
You have supernaturally acute eyesight. (SInv)
You are afflicted with vampirism.


Message History

A goblin comes into view. It is wielding a +0 dagger.
The goblin shouts!
You hear a shout!
A goblin comes into view. It is wielding a +0 club.
Robin of the Strong Arm comes into view.
They are wielding a +0 dagger.
Robin shouts!
The goblin shouts!
You hit the goblin but do no damage. You bite the goblin.
The goblin is severely wounded.
The goblin drinks a potion.
The goblin flickers and vanishes for a moment.
The goblin hits you but does no damage.
You hit the goblin.
You kill the goblin!
Robin roars a battlecry!
The goblins go into a battle-frenzy!
A goblin comes into view. It is wielding a +0 dagger.
You see here a +0 dagger.
You closely miss the goblin. The goblin barely misses you.
The goblin shouts!
You hit the goblin but do no damage.
You hear a shout!
The goblin hits you with a +0 dagger.
Okay, then.
It was a potion of resistance.
You feel protected.
A hobgoblin comes into view.
The goblin closely misses you. Robin throws the goblin at you!
You hit the goblin. You bite the goblin.
You kill the goblin!
The goblin closely misses you. Robin throws the goblin at you!
You barely miss the goblin. The goblin hits you but does no damage.
A hobgoblin comes into view.
The goblin closely misses you.
Robin roars a battlecry!
The hobgoblin goes into a battle-frenzy!
You hit the goblin but do no damage.
A goblin comes into view. It is wielding a +0 dagger.
The goblin closely misses you. x2
You hit the goblin but do no damage. The goblin hits you with a +0 dagger.
The goblin hits you with a +0 club.
You die...

#g#
#.#
#g#
#g#
#.#
#g#
#g#
#@#
#g#
#.#
#.#
#.#
#.#
#.#
#.#
#.#


You could see Robin, 2 hobgoblins and 3 goblins.

Vanquished Creatures
  2 goblins (D:2)
  A bat (D:1)
  A rat (D:1)
4 creatures vanquished.

Vanquished Creatures (others)
  A plant (D:1)
1 creature vanquished.

Grand Total: 5 creatures vanquished

Notes
Turn   | Place    | Note
-------+----------+-------------------------------------------
     0 | D:1      | CraigOfTheCreek the Vampire Necromancer began the quest for
                  | the Orb.
     0 | D:1      | Reached XP level 1. HP: 13/13 MP: 3/3
   187 | D:2      | Noticed Robin
   197 | D:2      | Slain by a goblin

Illustrated notes

Levels and vault maps discovered:
D:1:      roderic_crop_circles_arrival_small, layout_basic, minmay_pentomino_r2
D:2:      layout_basic, guppyfry_early_orc_mine, uniq_robin

Action                   || total
-------------------------++-------
Melee: Unarmed           ||    33
       Bite              ||     4
  Use: Potion            ||     1
 Stab: Sleeping          ||     1
Armor: Robe              ||    20
Dodge: Dodged            ||    45

Table legend: (Time is in decaauts)
 A = Elapsed time spent in this place.
 B = Non-inter-level travel time spent in this place.
 C = Inter-level travel time spent in this place.
 D = Time resting spent in this place.
 E = Time spent auto-exploring this place.
 F = Levels seen in this place.
 G = Mean time per level.
                   A        B        C        D        E       F      G
               +--------+--------+--------+--------+--------+-----+--------+
         Total |    196 |    196 |      0 |      0 |     20 |   2 |   98.0 |
       Dungeon |    196 |    196 |      0 |      0 |     20 |   2 |   98.0 |
               +--------+--------+--------+--------+--------+-----+--------+

Top non-repeatable levels by time:
     D:1: 169 daAuts
     D:2: 27 daAuts
